 Dungeon Crawl Stone Soup version 0.26-a0-30-g56b8cd3df0 (webtiles) character file.

Game seed: 1864515524062650178, levelgen mode: deterministic

2077 vurker the Magician (level 9, -1/66 HPs)
             Began as a Human Wizard on May 31, 2020.
             Was a Follower of Vehumet.
             Succumbed to Maggie's poison
             ... on level 7 of the Dungeon.
             The game lasted 00:17:17 (10541 turns).

vurker the Magician (Human Wizard)                 Turns: 10541, Time: 00:17:18

Health: -1/66      AC:  8    Str: 14    XL:     9   Next: 51%
Magic:  21/28      EV: 12    Int: 21    God:    Vehumet [*.....]
Gold:   331        SH:  5    Dex: 12    Spells: 15/22 levels left

rFire    . . .     SeeInvis .   w - +3 quarterstaff (chaos)
rCold    + + .     Gourm    .   (shield currently unavailable)
rNeg     . . .     Faith    .   a - +0 robe
rPois    .         Spirit   .   h - +0 helmet
rElec    .         Reflect  +   u - +2 cloak {Stlth+}
rCorr    .         Harm     .   A - +0 pair of gloves
MR       .....                  x - +0 pair of boots
Stlth    ++........             b - amulet of reflection
HPRegen  0.21/turn              t - ring of magical power
MPRegen  0.21/turn              s - +6 ring of strength

@: lethally poisoned (-1 -> -24), invisible
A: cold resistance 2, deterioration 1
a: Renounce Religion


You were on level 7 of the Dungeon.
You worshipped Vehumet.
Vehumet was aware of your devotion.
You were near starving.

You visited 2 branches of the dungeon, and saw 8 of its levels.

You collected 331 gold pieces.

Inventory:

Hand Weapons
 p - a +1 dagger of speed
   (You took it off a goblin on level 2 of the Dungeon)
 w - a +3 quarterstaff of chaos (weapon)
   (You took it off Crazy Yiuf on level 4 of the Dungeon)
Armour
 a - a +0 robe (worn)
 h - a +0 helmet (worn)
   (You found it on level 7 of the Dungeon)
 u - a +2 cloak of stealth (worn)
   (You took it off Crazy Yiuf on level 4 of the Dungeon)
 x - a +0 pair of boots (worn)
   (You found it on level 6 of the Dungeon)
 A - a +0 pair of gloves (worn)
   (You found it on level 7 of the Dungeon)
Magical Staves
 y - an uncursed staff of cold
   (You found it on level 7 of the Dungeon)
Jewellery
 b - an amulet of reflection (around neck)
   (You found it on level 7 of the Dungeon)
 i - an uncursed ring of ice
   (You found it on level 1 of the Dungeon)
 s - a +6 ring of strength (right hand)
   (You found it on level 4 of the Dungeon)
 t - a ring of magical power (left hand)
   (You found it on level 4 of the Dungeon)
 z - an uncursed ring of see invisible
   (You found it on level 7 of the Dungeon)
Scrolls
 c - 4 scrolls of teleportation
 d - 3 scrolls of remove curse
 k - 2 scrolls of enchant weapon
 o - a scroll of fear {unknown}
 q - 2 scrolls of enchant armour {unknown}
Potions
 g - a potion of brilliance
 j - a potion of resistance {unknown}
 m - 2 potions of cancellation
 r - 2 potions of haste
 v - a potion of stabbing {unknown}
Comestibles
 e - 15 rations


   Skills:
 + Level 4.6 Fighting
 - Level 2.0 Dodging
 - Level 2.0 Stealth
 * Level 7.2 Spellcasting
 + Level 5.8 Conjurations
 - Level 1.0 Summonings
 - Level 1.0 Translocations
 * Level 5.5 Ice Magic


You had 15 spell levels left.
You knew the following spells:

 Your Spells              Type           Power        Failure   Level  Hunger
a - Magic Dart            Conj           ####         1%          1    None
b - Call Imp              Summ           ##......     9%          2    None
p - Ensorcelled Hibernat  Hex/Ice        ###...       4%          2    None
w - Blink                 Tloc           N/A          9%          2    None

Your spell library contained the following spells:

 Spells                   Type           Power        Failure   Level  Hunger
 Foxfire                  Conj/Fire      ###.         2%          1    None
 Conjure Flame            Conj/Fire      ###.....     8%          3    None
 Dazzling Flash           Conj/Hex       ###...       8%          3    None
 Corona                   Hex            #......      9%          1    None
 Mephitic Cloud           Conj/Pois/Air  ###.....     12%         3    None
 Slow                     Hex            #.......     13%         2    None
 Confusing Touch          Hex            #.......     26%         3    None
 Tukima's Dance           Hex            #.......     26%         3    None


Dungeon Overview and Level Annotations

Branches:
Dungeon (7/15)             Temple (1/1) D:4

Altars:
Ashenzari
Cheibriados
Dithmenos
Elyvilon
Fedhas
Gozag
Hepliaklqana
Kikubaaqudgha
Makhleb
Nemelex Xobeh
Okawaru
Qazlal
Ru
Sif Muna
Trog
Uskayaw
Vehumet
Wu Jian
Xom
Yredelemnul
Zin
The Shining One

Shops:
D:4 *


Innate Abilities, Weirdness & Mutations

Your flesh is very cold resistant. (rC++)
Your body sometimes deteriorates upon taking damage.


Message History

Something hits you but does no damage.
You hit something. You freeze something. Something hits you!
* * * LOW HITPOINT WARNING * * *
* * * LOW HITPOINT WARNING * * *
You completely miss something. Something hits you!
* * * LOW HITPOINT WARNING * * *
* * * LOW HITPOINT WARNING * * *
You feel much better. Something hits you!
* * * LOW HITPOINT WARNING * * *
* * * LOW HITPOINT WARNING * * *
Unknown command.
You hit something.
Maggie appears out of thin air!
Reactivating autopickup.
Maggie the shapeshifter changes into a hornet!
Your crimson imp hits Maggie.
You hit Maggie but do no damage.
Maggie is poisoned.
Your crimson imp barely misses Maggie.
Maggie stings you!
* * * LOW HITPOINT WARNING * * *
You are poisoned.
You suddenly lose the ability to move!
Your crimson imp hits Maggie.
You can move again.
Unknown command.
You hit Maggie. You freeze Maggie.
You feel sick. Maggie stings you.
* * * LOW HITPOINT WARNING * * *
You are more poisoned.
You shrug off the repeated paralysis!
Maggie stings you!
* * * LOW HITPOINT WARNING * * *
You are more poisoned.
You feel yourself slow down.
Your crimson imp barely misses Maggie.
You miss Maggie.
You feel yourself speed up.
* * * LOW HITPOINT WARNING * * *
You feel very sick.
You kill Maggie!
Vehumet accepts your kill.
Unknown command.
Okay, then.
It was a potion of mutation.
You feel extremely strange.
You feel resistant to cold.
You feel yourself wasting away.
You feel more resistant to cold.
* * * LOW HITPOINT WARNING * * *
You feel sick.
Your crimson imp disappears in a puff of smoke!
It was a potion of invisibility.
You fade into invisibility!
You die...

#..........# #.........##
#.......(## ### #.......##
###.## ≈≈≈≈≈≈≈ ##.....##
###....# ≈≈≈≈≈≈≈ #....##
##....... ≈≈≈≈≈≈≈ ##.[##
##........ ≈≈≈≈≈≈≈
#...#####......... ..≈≈≈≈≈
##@....#...........
.c≈c≈≈≈###)§##..............
.c(≈≈≈≈#.)#####.....<.......
≈≈≈≈≈≈≈((## ##............
≈≈≈)≈≈≈.## ####.........
≈≈≈≈≈≈≈.# ########..
≈≈≈≈≈≈≈.# ### ≈≈≈≈≈≈≈.#
.##.....#


There were no monsters in sight!

Vanquished Creatures
  A hornet (shapeshifter) (D:7)
  A hippogriff (D:7)
  Menkaure (D:7)
  2 sky beasts
  2 ice beasts
  An orc warrior (D:6)
  A phantom (D:5)
  An ogre (D:6)
  A centaur (D:7)
  A big kobold (D:7)
  A crimson imp (D:5)
  A centaur skeleton (D:7)
  2 hounds
  2 jellies
  An orc priest (D:6)
  A bullfrog skeleton (D:6)
  An iguana (D:5)
  5 orc wizards
  A hound zombie (D:3)
  2 hound skeletons
  A gnoll (D:4)
  5 adders
  An ooze (D:5)
  An adder zombie (D:5)
  A leopard gecko (D:3)
  16 orcs
  10 bats
  9 giant cockroaches
  9 goblins
  12 hobgoblins
  9 jackals
  7 kobolds
  A quokka (D:2)
  3 frilled lizards
  A jackal skeleton (D:5)
  2 quokka skeletons
  5 rats
122 creatures vanquished.

Vanquished Creatures (collateral kills)
  A black bear (D:6)
  A scorpion (D:4)
  A crimson imp (D:5)
  A howler monkey (D:4)
  Crazy Yiuf (D:4)
  2 orc wizards
  An orc priest (D:4)
  Jessica (D:3)
  An iguana (D:5)
  A worker ant (D:4)
  Ijyb (D:4)
  An adder (D:3)
  6 gnolls
  7 orcs
  A hobgoblin (D:3)
  2 jackals
  2 bats (D:3)
  2 kobolds (D:7)
33 creatures vanquished.

Vanquished Creatures (others)
  An orc warrior (D:7)
1 creature vanquished.

Grand Total: 156 creatures vanquished

Notes
Turn   | Place    | Note
-------+----------+-------------------------------------------
     0 | D:1      | vurker the Human Wizard began the quest for the Orb.
     0 | D:1      | Reached XP level 1. HP: 13/13 MP: 4/4
   240 | D:1      | Reached XP level 2. HP: 20/20 MP: 3/6
   244 | D:1      | Learned a level 2 spell: Call Imp
   247 | D:1      | Learned a level 2 spell: Blink
   784 | D:1      | Reached XP level 3. HP: 25/25 MP: 5/7
  1330 | D:2      | Reached skill level 1 in Fighting
  1437 | D:2      | Found a shimmering blue altar of Sif Muna.
  2148 | D:2      | Reached XP level 4. HP: 27/32 MP: 3/9
  2693 | D:3      | You fall into a shaft and drop 1 floor!
  2706 | D:3      | Noticed Jessica
  2713 | D:3      | Killed Jessica
  2934 | D:3      | Reached XP level 5. HP: 26/37 MP: 5/10
  3085 | D:3      | Reached skill level 4 in Spellcasting
  3744 | D:4      | Noticed Ijyb
  3757 | D:4      | Killed Ijyb
  3880 | D:4      | Found a glowing golden altar of the Shining One.
  4267 | D:4      | Found a staircase to the Ecumenical Temple.
  4285 | Temple   | Entered the Ecumenical Temple
  4412 | Temple   | Became a worshipper of Vehumet
  4446 | D:4      | Found a snail-covered altar of Cheibriados.
  4500 | D:4      | Reached XP level 6. HP: 44/44 MP: 8/12
  4887 | D:4      | Found Caeryrik's Lightly-Used Armoury.
  5383 | D:4      | Found a runed translucent door.
  5384 | D:4      | Noticed Crazy Yiuf
  6199 | D:4      | Killed Crazy Yiuf
  6276 | D:5      | Entered Level 5 of the Dungeon
  6798 | D:5      | Learned a level 2 spell: Ensorcelled Hibernation
  6857 | D:5      | Reached XP level 7. HP: 40/51 MP: 14/14
  6917 | D:5      | Reached skill level 5 in Spellcasting
  6930 | D:5      | Reached skill level 1 in Ice Magic
  7876 | D:5      | Found a bloodstained altar of Trog.
  7876 | D:5      | Found a shadowy altar of Dithmenos.
  7879 | D:5      | Found a burning altar of Makhleb.
  8170 | D:6      | Reached XP level 8. HP: 47/58 MP: 6/16
  8387 | D:6      | Found a shimmering altar of Xom.
  8388 | D:6      | Found a shimmering altar of Xom.
  8388 | D:6      | Found a shimmering altar of Xom.
  8397 | D:6      | Found an ancient bone altar of Kikubaaqudgha.
  8437 | D:6      | Reached * piety under Vehumet
  8437 | D:6      | Offered knowledge of Foxfire by Vehumet.
  8461 | D:6      | Found a shimmering altar of Xom.
  8774 | D:6      | Reached skill level 6 in Spellcasting
  8774 | D:6      | Reached skill level 5 in Conjurations
  9639 | D:7      | Noticed Menkaure
  9645 | D:7      | Killed Menkaure
  9645 | D:7      | Reached XP level 9. HP: 53/65 MP: 18/18
  9881 | D:7      | Noticed a hippogriff
  9910 | D:7      | Killed a hippogriff
 10205 | D:7      | Found a burning altar of Makhleb.
 10205 | D:7      | Noticed an Executioner
 10208 | D:7      | Noticed an orange demon
 10208 | D:7      | Noticed an orange demon
 10231 | D:7      | Reached skill level 5 in Ice Magic
 10317 | D:7      | Found a sparkling altar of Nemelex Xobeh.
 10497 | D:7      | Reached skill level 7 in Spellcasting
 10526 | D:7      | Noticed Maggie
 10536 | D:7      | Noticed Maggie
 10536 | D:7      | Maggie the shapeshifter changed into Maggie the hornet
 10537 | D:7      | Paralysed by Maggie for 1 turns
 10539 | D:7      | HP: 2/66 [poisoned by Maggie]
 10539 | D:7      | Killed Maggie the hornet
 10540 | D:7      | Gained mutation: Your flesh is cold resistant. (rC+)
                  | [potion of mutation]
 10540 | D:7      | Gained mutation: Your body sometimes deteriorates upon
                  | taking damage. [potion of mutation]
 10540 | D:7      | Gained mutation: Your flesh is very cold resistant. (rC++)
                  | [potion of mutation]
 10541 | D:7      | Succumbed to Maggie's poison

Illustrated notes

Levels and vault maps discovered:
D:1:      dpeg_arrival_three_same_balls, layout_loops_ring, minmay_tetromino_t4
D:2:      layout_loops_ring, lemuel_blue_sif_altar, st_stairs_7
D:3:      layout_basic, uniq_jessica
D:4:      layout_rooms, tso_metal_star, minmay_temple_entry_arrows,
          minmay_shop_damaged, cheibriados_altar_1, uniq_crazy_yiuf_cottage,
          uniq_ijyb
D:5:      layout_gridville, nicolae_overflow_hidden_temple, first_ration,
          grunt_ministairs_1, hangedman_decor_push, kennysheep_boxes
D:6:      layout_basic, xom_redecorated, kiku_gazebo_garden_becter
D:7:      nicolae_whirlpool, layout_cave_pods, basic_altar,
          makhleb_altar_promises_db, uniq_menkaure, uniq_maggie
Temple:   jpeg_temple_clearing

Skill      XL: |  1  2  3  4  5  6  7  8  9 |
---------------+----------------------------+-----
Conjurations   | 2 3 4 5 |  5.8
Fighting       | 1 2 3 4 |  4.6
Spellcasting   | 4 5 6 7 |  7.2
Ice Magic      | 2 4 5 |  5.5
Dodging        | |  2.0
Stealth        | |  2.0
Summonings     | |  1.0
Translocations | |  1.0

Action                   |  1- 3 |  4- 6 |  7- 9 || total
-------------------------+-------+-------+-------++-------
Melee: Unarmed           |    11 |       |       ||    11
       Dagger            |    29 |    32 |       ||    61
       Quarterstaff      |       |    10 |   128 ||   138
 Cast: Magic Dart        |    87 |   129 |   104 ||   320
       Call Imp          |     2 |    63 |    54 ||   119
       Blink             |       |       |     2 ||     2
  Use: Scroll            |       |    10 |     2 ||    12
       Potion            |       |       |     4 ||     4
 Stab: Paralysed         |       |       |     1 ||     1
       Distracted        |       |       |     1 ||     1
  Eat: Chunk             |     4 |    11 |    10 ||    25
       Ration            |       |     1 |       ||     1
Armor: Robe              |    10 |    15 |    58 ||    83
Dodge: Dodged            |    39 |    72 |    85 ||   196
Block: Other             |       |       |     6 ||     6
       Reflection        |       |       |     3 ||     3

Table legend:
 A = Non-vault XP
 B = Vault XP
 C = Vault XP percentage of total XP
 D = Non-vault monster count
 E = Vault monster count
 F = Vault count percentage of total count
                 A         B        C        D         E       F
            +---------+---------+-------+---------+---------+-------
      Total |    2324 |     644 |  21.7 |     140 |      16 |  10.3
            +---------+---------+-------+---------+---------+-------
        D:1 |      32 |       5 |  13.5 |      18 |       3 |  14.3
        D:2 |      40 |       4 |   9.1 |      22 |       2 |   8.3
        D:3 |     100 |      24 |  19.4 |      23 |       1 |   4.2
        D:4 |     156 |      85 |  35.3 |      18 |       7 |  28.0
        D:5 |     577 |       0 |   0.0 |      20 |       0 |   0.0
        D:6 |     801 |       0 |   0.0 |      23 |       0 |   0.0
        D:7 |     618 |     526 |  46.0 |      16 |       3 |  15.8
            +---------+---------+-------+---------+---------+-------
